 Dungeon Crawl Stone Soup version 0.30-a0-1075-gcd70e7a56d (webtiles) character file.

Game seed: 11285297061003808208

242 obibabz the Poker (level 6, -5/52 HPs)
             Began as a Hill Orc Fighter on Apr 14, 2023.
             Slain by an ogre
             ... wielding a +0 giant spiked club
              (20 damage)
             ... on level 4 of the Dungeon.
             The game lasted 00:12:01 (2728 turns).

obibabz the Poker (Hill Orc Fighter)                Turns: 2728, Time: 00:12:02

Health: -5/52      AC: 12    Str: 27    XL:     6   Next: 9%
Magic:  6/6        EV:  6    Int:  8    God:
Gold:   188        SH:  9    Dex: 10    Spells: 5/5 levels left

rFire   . . .      SeeInvis .    a - +0 trident
rCold   . . .      Faith    .    c - +0 buckler
rNeg    . . .      Spirit   .    h - +0 plate armour
rPois   .          Reflect  +    (no helmet)
rElec   .          Rampage  .    i - +0 cloak
rCorr   .                        (no gloves)
Will    +....                    (no boots) Stlth
                                 k - amulet of reflection
HPRegen 0.28/turn                j - ring of willpower
MPRegen 0.10/turn                l - +6 ring of strength

@: no status effects
A: no striking features
a: no special abilities


You were on level 4 of the Dungeon.
You visited 1 branch of the dungeon, and saw 4 of its levels.

You collected 188 gold pieces.

Inventory:

Hand Weapons
 a - a +0 trident (weapon)
 p - a +0 spear
Armour
 b - a +0 scale mail
 c - a +0 buckler (worn)
 e - a scarf of repulsion
 h - a +0 plate armour (worn)
 i - a +0 cloak (worn)
Jewellery
 j - a ring of willpower (left hand)
 k - an amulet of reflection (around neck)
 l - a +6 ring of strength (right hand)
Scrolls
 f - 3 scrolls of noise {unknown}
 g - a scroll of teleportation {unknown}
 m - a scroll of amnesia {unknown}
 n - 4 scrolls of identify {unknown}
 q - a scroll of immolation {unknown}
Potions
 d - 2 potions of might
 o - a potion of mutation {unknown}


   Skills:
 + Level 4.2 Fighting
 * Level 5.4 Polearms
 + Level 3.9 Armour
 + Level 4.3 Shields


You had 5 spell levels left.
You didn't know any spells.
Your spell library contained the following spells:

 Spells                   Type           Power      Damage    Failure   Level
 Summon Small Mammal      Summ           0%         N/A       100%        1
 Call Canine Familiar     Summ           0%         N/A       100%        3
 Summon Guardian Golem    Hex/Summ       0%         N/A       100%        3


Dungeon Overview and Level Annotations

Branches:
Dungeon (4/15)
 Temple: D:4-7

Altars:
Nemelex Xobeh

Shops:
D:2 *


Message History

The ogre shouts!
You see here a +0 dagger.
A jackal comes into view.
The jackal barks!
A jackal comes into view. x2
The jackal barks!
Something shouts, "Scamper home, thou mewling nut-hook whey-face!"
The jackal bites you but does no damage.
You closely miss the jackal. You closely miss the jackal.
You block the jackal's attack. x2
You hit the jackal.
The jackal is heavily wounded.
A white imp comes into view.
You block the jackal's attack.
The white imp shouts!
You hit the jackal but do no damage.
The jackal is heavily wounded.
You block the jackal's attack.
The ogre hits you with a +0 giant spiked club!!
You closely miss the jackal.
The jackal is heavily wounded.
You block the jackal's attack.
The jackal bites you but does no damage.
The ogre hits you but does no damage.
Unknown command.
You closely miss the jackal.
The jackal is heavily wounded.
You block the jackal's attack.
The ogre hits you with a +0 giant spiked club!
* * * LOW HITPOINT WARNING * * *
The jackal barely misses you.
You closely miss the jackal.
The jackal is heavily wounded.
You block the jackal's attack. The white imp puffs mist at you.
You barely miss the jackal.
The jackal is heavily wounded.
The jackal bites you but does no damage.
The ogre hits you with a +0 giant spiked club!!
You die...

#..........
#.).......#
#..###...# #.......##
##.###### ########.#
#......#.# #.####.#O#
#.# #.#@#
######.####.#h#####.#
#....<..>...hh5......
#.####.####.#.#####..
#.# #.# #....# #.#
#(# #.....# #.# #..
.....## #.# ###
####.## #.# #.#


You could see an ogre, a white imp and 3 jackals.

Vanquished Creatures
  A howler monkey (D:4)
  An orc priest (D:3)
  An iguana (D:4)
  4 gnolls (D:4)
  3 adders
  A worm (D:2)
  A dart slug (D:2)
  4 orcs
  7 endoplasms
  A giant cockroach (D:1)
  3 hobgoblins
  9 kobolds
  6 quokkas
  3 ball pythons
  4 bats
  5 frilled lizards
  13 goblins
  7 rats
74 creatures vanquished.

Notes
Turn   | Place    | Note
-------+----------+-------------------------------------------
     0 | D:1      | obibabz the Hill Orc Fighter began the quest for the Orb.
     0 | D:1      | Reached XP level 1. HP: 19/19 MP: 1/1
    93 | D:1      | Reached XP level 2. HP: 27/27 MP: 2/2
   584 | D:1      | Reached XP level 3. HP: 33/33 MP: 3/3
   742 | D:2      | Reached skill level 3 in Polearms
   754 | D:2      | Found Zooqe's General Store.
  1315 | D:3      | Found a faded altar of an unknown god.
  1389 | D:3      | Reached XP level 4. HP: 40/40 MP: 4/4
  1452 | D:3      | Reached skill level 4 in Polearms
  1849 | D:3      | Reached XP level 5. HP: 46/46 MP: 5/5
  2275 | D:4      | Found a sparkling altar of Nemelex Xobeh.
  2448 | D:4      | Reached skill level 5 in Polearms
  2709 | D:4      | Reached XP level 6. HP: 40/52 MP: 6/6
  2728 | D:4      | Slain by an ogre

Illustrated notes

Levels and vault maps discovered:
D:1:      minmay_arrival_jagged, layout_basic, minmay_pentomino_t4
D:2:      layout_basic, serial_shops, nicolae_lakefront_shop
D:3:      layout_loops_ring, nicolae_ecumenical_oubliette, minivault_24
D:4:      layout_loops_corners, nemelex_diamond_rough_becter

Skill      XL: |  1  2  3  4  5 |
---------------+----------------+-----
Fighting       | 4 |  4.2
Polearms       | 3 4 5 |  5.4
Shields        | 4 |  4.3
Armour         | |  3.9

Action                     |  1- 3 |  4- 6 || total
---------------------------+-------+-------++-------
  Melee: Trident           |   129 |   124 ||   253
 Armour: Scale mail        |     4 |       ||     4
         Plate armour      |    58 |    41 ||    99
  Dodge: Dodged            |    32 |    17 ||    49
  Block: Buckler           |    48 |    38 ||    86
         Reflection        |     1 |     2 ||     3

Table legend: (Time is in decaauts)
 A = Elapsed time spent in this place.
 B = Non-inter-level travel time spent in this place.
 C = Inter-level travel time spent in this place.
 D = Time resting spent in this place.
 E = Time spent auto-exploring this place.
 F = Levels seen in this place.
 G = Mean time per level.
                   A        B        C        D        E       F      G
               +--------+--------+--------+--------+--------+-----+--------+
         Total |   2769 |   2769 |      0 |     83 |   1572 |   4 |  692.2 |
       Dungeon |   2769 |   2769 |      0 |     83 |   1572 |   4 |  692.2 |
               +--------+--------+--------+--------+--------+-----+--------+

Top non-repeatable levels by time:
     D:3: 774 daAuts
     D:2: 743 daAuts
     D:1: 740 daAuts
     D:4: 511 daAuts
